 Dungeon Crawl Stone Soup version 0.30-a0-883-g5ad918d77d (webtiles) character file.

Game seed: 13559445773694951608

20655 ytrimaz the Severer (level 13, -1/102 HPs)
             Began as a Meteoran Fighter on Mar 14, 2023.
             Was a High Priest of Okawaru.
             Hit by a large rock thrown by a cyclops (24 damage)
             ... on level 13 of the Dungeon on Mar 15, 2023.
             The game lasted 00:13:48 (7660 turns).

ytrimaz the Severer (Meteoran Fighter)              Turns: 7660, Time: 00:13:48

Health: -1/102     AC: 26    Str: 21    XL:     13   Next: 43%
Magic:  19/19      EV: 10    Int: 13    God:    Okawaru [*****.]
Gold:   743        SH:  6    Dex: 13    Spells: 12/12 levels left

rFire   + . .      SeeInvis .    K - +1 war axe
rCold   . . .      Faith    .    c - +0 buckler
rNeg    . . .      Spirit   .    d - +3 chain mail {rPois}
rPois   +          Reflect  .    L - +0 hat of the Orb {rF+}
rElec   .          Rampage  .    (no cloak)
rCorr   .                        (no gloves)
Will    +....                    r - +0 pair of boots Stlth
                                 g - amulet of magic regeneration
HPRegen 0.37/turn                F - +4 ring of protection
MPRegen 0.56/turn                D - +4 ring of protection

@: heroic, finesse-ful, glowing
A: sense surroundings 2, otherworldly, glowing, explore regen
a: Renounce Religion, Heroism, Finesse, Duel


You were on level 13 of the Dungeon.
You worshipped Okawaru.
Okawaru was extremely pleased with you.
You visited 2 branches of the dungeon, and saw 14 of its levels.

You collected 743 gold pieces.


Innate Abilities, Weirdness & Mutations

You passively map the area around you.
You are easily found by Zot.
You glow in the dark.
You regain HP and MP as you explore.


   Skills:
 + Level 13.6(18.6) Fighting
 - Level 16.0(21.0) Axes
 + Level 11.4(16.4) Armour
 - Level 4.0(9.0) Shields
 - Level 7.0 Invocations


You had 12 spell levels left.
You didn't know any spells.
Your spell library contained the following spells:

 Spells                   Type           Power      Damage    Failure   Level
 Necrotise                Necr           0%         1d4       87%         1
 Frozen Ramparts          Ice            0%         1d1       99%         3
 Vampiric Draining        Necr           0%         2d6       99%         3
 Ice Form                 Ice/Tmut       0%         N/A       100%        4
 Agony                    Necr           0%         N/A       100%        5
 Storm Form               Tmut/Air       0%         N/A       100%        7
 Maxwell's Capacitive Co  Air            0%         ∞         100%        8
 Summon Ice Beast         Ice/Summ       Unusable   N/A       N/A         4
 Summon Lightning Spire   Summ/Air       Unusable   N/A       N/A         4

Inventory:

Hand Weapons
 a - a +0 war axe
 j - a +3 battleaxe
   (You took it off a wight on level 10 of the Dungeon)
 K - a +1 war axe (weapon)
   (You took it off a wight on level 9 of the Dungeon)
Missiles
 i - 6 throwing nets (quivered)
Armour
 b - a +0 scale mail
 c - a +0 buckler (worn)
 d - a +3 chain mail of poison resistance (worn)
   (You took it off Terence on level 3 of the Dungeon)
 k - a +0 plate armour
   (You found it on level 2 of the Dungeon)
 r - a +0 pair of boots (worn)
   (You found it on level 4 of the Dungeon)
 I - a +0 tower shield
   (You took it off an orc on level 8 of the Dungeon)
 L - the +0 hat of the Orb (worn) {rF+}
   (Okawaru gifted it to you on level 10 of the Dungeon)

   rF:        It protects you from fire.
 T - the +0 helmet of Slimy Miracles {Int+3}
   (Okawaru gifted it to you on level 12 of the Dungeon)

   Int:       It affects your intelligence (+3).
Jewellery
 g - an amulet of magic regeneration (around neck)
   (You found it on level 1 of the Dungeon)
 s - a ring of protection from cold
   (You found it on level 6 of the Dungeon)
 y - a +5 ring of evasion
   (You found it on level 10 of the Dungeon)
 A - a +6 ring of intelligence
   (You found it on level 6 of the Dungeon)
 C - a +6 ring of intelligence
   (You found it on level 7 of the Dungeon)
 D - a +4 ring of protection (right hand)
   (You found it on level 7 of the Dungeon)
 E - an amulet of faith
   (You found it on level 7 of the Dungeon)
 F - a +4 ring of protection (left hand)
   (You found it on level 7 of the Dungeon)
 H - a +4 ring of protection
   (You found it on level 7 of the Dungeon)
 M - an amulet of regeneration
   (You took it off a centaur warrior on level 10 of the Dungeon)
 Q - a ring of fire
   (You found it on level 11 of the Dungeon)
Wands
 l - a wand of flame (3)
   (You took it off Ijyb on level 3 of the Dungeon)
 B - a wand of quicksilver (15)
   (You found it on level 7 of the Dungeon)
 R - a wand of iceblast (2)
   (You found it on level 11 of the Dungeon)
Scrolls
 h - 2 scrolls of poison
 m - a scroll of butterflies
 n - 4 scrolls of enchant armour
 p - 2 scrolls of magic mapping
 q - a scroll of noise
 u - 5 scrolls of amnesia
 x - 3 scrolls of teleportation
 G - a scroll of immolation
 P - a scroll of identify
Potions
 e - 7 potions of curing
 f - 3 potions of flight
 o - a potion of magic {unknown}
 t - a potion of heal wounds
 v - a potion of brilliance {unknown}
 w - 2 potions of mutation
 z - 2 potions of attraction
 J - 4 potions of might
 N - a potion of haste {unknown}
 O - a potion of resistance {unknown}
 S - 2 potions of degeneration {unknown}

Dungeon Overview and Level Annotations

Branches:
Dungeon (13/15) Zot: 436   Temple (1/1) D:4 Zot: 552    Lair (0/5) D:9
    Orc (0/2) D:9
 Vaults: D:13-14

Altars:
Ashenzari
Cheibriados
Dithmenos
Elyvilon
Fedhas
Gozag
Hepliaklqana
Kikubaaqudgha
Makhleb
Nemelex Xobeh
Okawaru
Qazlal
Ru
Sif Muna
Trog
Uskayaw
Vehumet
Wu Jian
Xom
Yredelemnul
Zin
The Shining One

Shops:
D:1 [   D:9 *

Annotations:
D:3 1 runed translucent door, Crazy Yiuf
D:5 exclusion: statue
D:8 exclusion: 2 oklob plants
D:11 exclusion: 2 doors

* c......... ###..#..... ,
.........#. #.......... *
.......... #....#..... , ,
,.........##*#....#..... *
,,,, ,....C....###..(.######
** , ......^..##........## *
#.* ####...#.##..........
##'#######....))).........#
~~#...#≈≈≈##@#####)####......
#...#≈≈≈##.# #.........#. ,
#...#≈≈≈##)# #.####)...## *
#...######[# #.# ######* ,
,........##)# #.# * ≈≈≈
,,........'..# #.# ~≈≈≈≈≈~ *
* ........#### #.#* ~≈≈≈≈≈≈
#...##### #.# * ~* #...#≈≈ *
...,,,, *


You could see a cyclops.


Message History

You slice the yaktaur!!
You kill the yaktaur!
Okawaru accepts your kill.
You closely miss the troll. The troll misses you. You block the troll's attack.
The troll claws you but does no damage. 😨 MP[+1]
Things that are here:
a +0 arbalest; 10 gold pieces; a yaktaur corpse Unknown command.
You slash the troll! The troll barely misses you. You block the troll's attack.
The troll barely misses you. 😨 HP[+1] MP[+1]
Your mp is fully restored (19).
You slice the troll!!
The troll closely misses you. x2; The troll claws you.
* * * LOW HITPOINT WARNING * * *
😨 HP[-5]
You take 5 damage, and now have 34/102 hp.
You slash the troll!
You can now deal lightning-fast blows.
The troll bites you but does no damage. The troll claws you but does no damage.
The troll claws you!
* * * LOW HITPOINT WARNING * * *
😨 HP[-7] MP[-5]
You take 7 damage, and now have 27/102 hp.
You lost 5 mp, and now have 14/19 mp.
You slash the troll!
You kill the troll!
Okawaru accepts your kill.
The troll leather armour is intact enough to wear.
The yaktaur captain wields a +0 arbalest.
The yaktaur captain shoots a bolt.
The bolt hits you!
* * * LOW HITPOINT WARNING * * *
😱 HP[-6]
You take 6 damage, and now have 21/102 hp.
Things that are here:
a +0 troll leather armour; a troll corpse 😱 MP[+1]
You hit the yaktaur captain but do no damage.
The yaktaur captain unwields a +0 arbalest.
The yaktaur captain hits you but does no damage.
You slash the yaktaur captain!
You barely miss the yaktaur captain. 😱 MP[+1]
You barely miss the yaktaur captain. The yaktaur captain hits you.
* * * LOW HITPOINT WARNING * * *
😱 HP[-2]
You take 2 damage, and now have 19/102 hp.
You barely miss the yaktaur captain.
You hit the yaktaur captain but do no damage.
The yaktaur captain hits you but does no damage.
You hit the yaktaur captain but do no damage.
You barely miss the yaktaur captain. 😱 MP[+1]
You slash the yaktaur captain! The yaktaur captain hits you.
* * * LOW HITPOINT WARNING * * *
😱 HP[-1]
You take 1 damage, and now have 18/102 hp.
You barely miss the yaktaur captain.
You feel much better.
The yaktaur captain hits you but does no damage. 😨 HP[+23] MP[+1]
You regained 23 hp, and now have 41/102 hp.
Unknown command.
You completely miss the yaktaur captain.
You slash the yaktaur captain! You block the yaktaur captain's attack.
You hit the yaktaur captain but do no damage.
You hit the yaktaur captain but do no damage.
You slash the yaktaur captain!
The yaktaur captain hits you but does no damage. 😨 MP[+1]
Your mp is fully restored (19).
You slice the yaktaur captain!!
You hit the yaktaur captain but do no damage. 😨 HP[+1]
You slash the yaktaur captain!
You kill the yaktaur captain!
Okawaru is honoured by your kill.
Things that are here:
a +0 arbalest; a +0 robe; a yaktaur corpse
There is an open door here. 😨 HP[+1]
There is an open door here.
Things that are here:
a +0 arbalest; a +0 robe; a yaktaur corpse
Things that are here:
a +0 troll leather armour; a troll corpse A cyclops comes into view.
The cyclops shouts!
You hear a shout!
Things that are here:
a +0 arbalest; 10 gold pieces; a yaktaur corpse 😨 HP[+2]
You regained 2 hp, and now have 45/102 hp.
A cyclops is nearby!
The cyclops throws a large rock.
The large rock hits you!!
* * * LOW HITPOINT WARNING * * *
😱 HP[-23]
You take 23 damage, and now have 22/102 hp.
MASSIVE DAMAGE!! (PAUSE)
The cyclops throws a large rock.
The large rock hits you!!
You die...

Skill      XL: |  1  2  3  4  5  6  7  8  9 10 11 12 13 |
---------------+----------------------------------------+-----
Shields        | 4 |  4.0
Axes           | 3 4 5 6 8 10 12 16 | 16.0
Fighting       | 4 5 6 7 9 10 12 13 | 13.6
Armour         | 4 5 9 11 | 11.4
Invocations    | 1 7 |  7.0

Action                     |  1- 3 |  4- 6 |  7- 9 | 10-12 | 13-15 || total
---------------------------+-------+-------+-------+-------+-------++-------
  Melee: War axe           |    85 |   135 |   289 |   484 |   135 ||  1128
 Invoke: Heroism           |       |       |     3 |     8 |     3 ||    14
         Finesse           |       |       |       |     2 |     1 ||     3
    Use: Scroll            |       |     3 |     6 |     9 |       ||    18
         Potion            |       |     1 |     2 |     2 |     1 ||     6
 Armour: Scale mail        |    43 |    21 |       |       |       ||    64
         Plate armour      |       |    42 |       |       |       ||    42
         Chain mail        |       |    15 |   239 |   344 |   110 ||   708
  Dodge: Dodged            |    47 |    41 |   108 |   171 |    41 ||   408
  Block: Buckler           |    24 |    49 |    93 |   135 |    38 ||   339

Levels and vault maps discovered:
D:1:      shiori_arrival_elements, layout_basic, serial_shops,
          nicolae_shop_statue_plus, kennysheep_pointless_box
D:2:      minmay_chambers_of_twos, layout_rooms, guppyfry_early_orc_mine
D:3:      layout_basic, serial_shops, nicolae_square_shop, uniq_pargi,
          uniq_ijyb, uniq_terence, uniq_grinder, uniq_crazy_yiuf_cottage,
          uniq_sigmund
D:4:      layout_rooms, temple_hall
D:5:      layout_cave_pools, vehumet_statue, minmay_pentangle
D:6:      layout_rooms, hangedman_decor_slide_cut, uniq_menkaure
D:7:      layout_basic
D:8:      layout_rooms, disabler_island
D:9:      layout_roguey, grunt_temple_overflow_open, dpeg_lair_monsters,
          serial_shops, shop, hangedman_abyss_or_decor_lesser_grid, uniq_harold
D:10:     layout_long_grid, mainiacjoe_overflow_alcove_4,
          gammafunk_temple_overflow_wave, minmay_checkerbox
D:11:     layout_roguey, serial_rivers, chequers_serial_rivers_micro_c,
          chequers_serial_rivers_micro_d, chequers_serial_rivers_small_b,
          chequers_serial_rivers_small_a, chequers_serial_rivers_micro_e,
          serial_bayou_pond_e, small_chamber_with_monster
D:12:     layout_layer_cave, minmay_between
D:13:     layout_rooms, david_vaults_2, serial_aquarium, aquarium_bridge_square
          [aquarium_subvault_bridge, aquarium_subvault_balcony,
          aquarium_subvault_window, aquarium_subvault_bridge],
          aquarium_bridge_square [aquarium_subvault_window,
          aquarium_subvault_wall, aquarium_subvault_window,
          aquarium_subvault_bridge], aquarium_window_fake,
          aquarium_window_corridor_1, aquarium_window_corner, aquarium_window_1,
          aquarium_view_2c, aquarium_view_2c, aquarium_balcony_3a,
          aquarium_pool_four, hangedman_fish_farm
Temple:   nicolae_temple_ecumenical_triangle

Notes
Turn   | Place    | Note
-------+----------+-------------------------------------------
     0 | D:1      | ytrimaz the Meteoran Fighter began the quest for the Orb.
     0 | D:1      | Reached XP level 1. HP: 19/19 MP: 2/2
     0 | D:1      | magus.rc [v1.9.6]
    80 | D:1      | Reached XP level 2. HP: 21/26 MP: 3/3
   379 | D:1      | Reached skill level 4 in Shields
   406 | D:1      | Reached skill level 3 in Axes
   408 | D:1      | Reached XP level 3. HP: 26/33 MP: 4/4
   419 | D:1      | You pick up a book of the Sky and begin reading...
   419 | D:1      | You add the spells Summon Lightning Spire, Storm Form and
                  | Maxwell's Capacitive Coupling to your library.
   433 | D:1      | Found Ugaf's Armour Shop.
   474 | D:1      | Glimpsed the power of Zot.
   524 | D:1      | Glimpsed the power of Zot.
   572 | D:2      | Reached skill level 4 in Fighting
   579 | D:2      | Reached XP level 4. HP: 40/40 MP: 5/5
   841 | D:2      | Reached skill level 4 in Axes
  1012 | D:2      | Reached XP level 5. HP: 47/47 MP: 6/6
  1042 | D:2      | Glimpsed the power of Zot.
  1091 | D:2      | Glimpsed the power of Zot.
  1098 | D:3      | Noticed Ijyb
  1115 | D:3      | Killed Ijyb
  1116 | D:3      | Reached skill level 4 in Armour
  1186 | D:3      | Noticed Terence
  1194 | D:3      | Killed Terence
  1297 | D:3      | Reached XP level 6. HP: 53/53 MP: 7/7
  1354 | D:3      | Noticed Sigmund
  1366 | D:3      | Killed Sigmund
  1367 | D:3      | Reached skill level 5 in Fighting
  1367 | D:3      | Reached skill level 5 in Axes
  1367 | D:3      | Reached XP level 7. HP: 52/61 MP: 8/8
  1470 | D:3      | Noticed Pargi
  1484 | D:3      | Killed Pargi
  1485 | D:3      | Reached skill level 6 in Axes
  1607 | D:3      | Found a runed translucent door.
  1608 | D:3      | Noticed Crazy Yiuf
  1619 | D:3      | Glimpsed the power of Zot.
  1701 | D:4      | Reached skill level 6 in Fighting
  1845 | D:4      | Found a staircase to the Ecumenical Temple.
  2160 | Temple   | Entered the Ecumenical Temple
  2173 | Temple   | Became a worshipper of Warmaster Okawaru
  2233 | D:5      | Entered Level 5 of the Dungeon
  2302 | D:5      | HP: 12/63 [orc priest/divine providence (13)]
  2309 | D:5      | Reached XP level 8. HP: 18/70 MP: 9/9
  2323 | D:5      | Found a radiant altar of Vehumet.
  2392 | D:5      | Reached skill level 7 in Axes
  2552 | D:5      | Reached skill level 7 in Fighting
  2657 | D:5      | Reached * piety under Okawaru
  2658 | D:5      | Reached skill level 8 in Axes
  2841 | D:5      | Glimpsed the power of Zot.
  2864 | D:6      | Noticed Menkaure
  2868 | D:6      | Killed Menkaure
  2869 | D:6      | Gained mutation: You passively map the area around you.
                  | [Meteoran growth]
  2869 | D:6      | Reached XP level 9. HP: 74/81 MP: 10/10
  2885 | D:6      | Reached skill level 8 in Fighting
  2903 | D:6      | Reached skill level 9 in Axes
  2946 | D:6      | Reached ** piety under Okawaru
  3045 | D:6      | Reached skill level 9 in Fighting
  3066 | D:6      | Reached skill level 10 in Axes
  3074 | D:6      | You pick up a book of Necromancy and begin reading...
  3074 | D:6      | You add the spells Necrotise, Vampiric Draining and Agony
                  | to your library.
  3487 | D:7      | HP: 13/78 [wight/+0 halberd (9)]
  3673 | D:7      | Reached skill level 1 in Invocations
  3673 | D:7      | Reached XP level 10. HP: 90/92 MP: 11/11
  3814 | D:7      | Reached skill level 2 in Invocations
  3893 | D:7      | Reached *** piety under Okawaru
  3987 | D:7      | Reached skill level 10 in Fighting
  4044 | D:7      | Glimpsed the power of Zot.
  4094 | D:7      | Glimpsed the power of Zot.
  4134 | D:7      | Glimpsed the power of Zot.
  4144 | D:7      | Touched by the power of Zot.
  4148 | D:7      | Upgraded the game from 0.30-a0-881-g1ff12e1e11 to
                  | 0.30-a0-883-g5ad918d77d
  4148 | D:7      | magus.rc [v1.9.6]
  4163 | D:8      | Noticed an oklob plant
  4189 | D:8      | Reached skill level 3 in Invocations
  4192 | D:8      | Reached skill level 11 in Axes
  4197 | D:8      | Reached skill level 4 in Invocations
  4324 | D:8      | Reached skill level 5 in Invocations
  4426 | D:8      | Reached skill level 6 in Invocations
  4430 | D:8      | Reached skill level 12 in Axes
  4474 | D:8      | Noticed an oklob plant
  4648 | D:9      | Found Qenoamos's Assorted Antiques.
  4650 | D:9      | Noticed Harold
  4667 | D:9      | Killed Harold
  4668 | D:9      | Reached skill level 7 in Invocations
  4710 | D:9      | Reached XP level 11. HP: 76/79 MP: 17/17
  4719 | D:9      | Reached **** piety under Okawaru
  4720 | D:9      | Reached skill level 13 in Axes
  4795 | D:9      | Found a glowing golden altar of the Shining One.
  4796 | D:9      | Found a staircase to the Orcish Mines.
  4799 | D:9      | Found a shadowy altar of Dithmenos.
  4894 | D:9      | Found a bloodstained altar of Trog.
  4896 | D:9      | Found a snail-covered altar of Cheibriados.
  4896 | D:9      | Found a hide-covered altar of Uskayaw.
  4897 | D:9      | Found a shimmering altar of Xom.
  4910 | D:9      | Noticed a death yak
  4915 | D:9      | Noticed a death yak
  4918 | D:9      | Noticed a death yak
  4925 | D:9      | Killed a death yak
  4926 | D:9      | Reached skill level 14 in Axes
  4934 | D:9      | HP: 10/79 [death yak (13)]
  4941 | D:9      | Killed a death yak
  4942 | D:9      | Reached skill level 15 in Axes
  4943 | D:9      | HP: 15/79 [gnoll sergeant/+0 spear (8)]
  4948 | D:9      | Killed a death yak
  4956 | D:9      | Found a staircase to the Lair.
  4975 | D:9      | You pick up a book of Rime and begin reading...
  4975 | D:9      | You add the spells Frozen Ramparts and Ice Form to your
                  | library.
  5003 | D:9      | Reached ***** piety under Okawaru
  5272 | D:10     | Entered Level 10 of the Dungeon
  5342 | D:10     | Reached skill level 16 in Axes
  5363 | D:10     | Reached skill level 5 in Armour
  5812 | D:10     | Reached XP level 12. HP: 85/86 MP: 18/18
  5837 | D:10     | Found an ornate altar of the Wu Jian Council.
  5837 | D:10     | Found a glowing silver altar of Zin.
  5964 | D:10     | Noticed a two-headed ogre
  5967 | D:10     | Noticed a centaur warrior
  5979 | D:10     | Killed a two-headed ogre
  5979 | D:10     | Identified the +0 hat of the Orb {rF+} (Okawaru gifted it
                  | to you on level 10 of the Dungeon)
  5979 | D:10     | Received a gift from Okawaru
  5980 | D:10     | Reached skill level 6 in Armour
  5985 | D:10     | Killed a centaur warrior
  5995 | D:10     | Reached skill level 11 in Fighting
  6095 | D:10     | Found a sparkling altar of Nemelex Xobeh.
  6107 | D:10     | Glimpsed the power of Zot.
  6132 | D:11     | Reached skill level 7 in Armour
  6242 | D:11     | Noticed a four-headed hydra
  6242 | D:11     | Noticed a boulder beetle
  6331 | D:11     | Reached skill level 8 in Armour
  6367 | D:11     | Noticed a two-headed ogre
  6377 | D:11     | Killed a two-headed ogre
  6584 | D:11     | Reached skill level 12 in Fighting
  6628 | D:11     | Noticed a boulder beetle
  6655 | D:11     | Killed a boulder beetle
  6656 | D:11     | Reached skill level 9 in Armour
  6741 | D:11     | Glimpsed the power of Zot.
  6791 | D:11     | Glimpsed the power of Zot.
  6831 | D:11     | Glimpsed the power of Zot.
  7089 | D:12     | Reached XP level 13. HP: 64/100 MP: 19/19
  7135 | D:12     | Noticed a centaur warrior
  7159 | D:12     | Killed a centaur warrior
  7160 | D:12     | Reached skill level 10 in Armour
  7214 | D:12     | Identified the +0 helmet of Slimy Miracles {Int+3} (Okawaru
                  | gifted it to you on level 12 of the Dungeon)
  7214 | D:12     | Received a gift from Okawaru
  7365 | D:12     | Glimpsed the power of Zot.
  7415 | D:12     | Glimpsed the power of Zot.
  7489 | D:13     | Noticed a boulder beetle
  7500 | D:13     | Reached skill level 13 in Fighting
  7540 | D:13     | Killed a boulder beetle
  7552 | D:13     | Noticed a centaur warrior
  7568 | D:13     | Killed a centaur warrior
  7573 | D:13     | Noticed a centaur warrior
  7598 | D:13     | Killed a centaur warrior
  7599 | D:13     | Reached skill level 11 in Armour
  7612 | D:13     | Noticed a yaktaur captain
  7629 | D:13     | HP: 21/102 [yaktaur captain/bolt (7)]
  7634 | D:13     | HP: 19/102 [yaktaur captain (3)]
  7639 | D:13     | HP: 18/102 [yaktaur captain (1)]
  7649 | D:13     | Killed a yaktaur captain
  7659 | D:13     | HP: 22/102 [cyclops/large rock (23)]
  7660 | D:13     | Hit by a large rock thrown by a cyclops

Vanquished Creatures
  A yaktaur captain (D:13)
  Harold (D:9)
  2 two-headed ogres
  4 centaur warriors
  2 boulder beetles
  3 death yaks (D:9)
  2 ugly things
  A manticore (D:11)
  2 cyclopes
  2 gargoyles
  An unseen horror (D:11)
  A yaktaur (D:13)
  3 kobold demonologists (D:11)
  2 komodo dragons
  5 trolls
  A hornet (D:9)
  Sigmund (D:3)
  7 yaks
  A shadow (D:10)
  2 wyverns
  Menkaure (D:6)
  3 vampire mosquitoes (D:12)
  3 acid dragons
  An orc warrior (D:9)
  Pargi (D:3)
  2 ice beasts
  3 sky beasts (D:7)
  A black bear (D:5)
  An ogre (D:5)
  4 phantoms
  5 centaurs
  4 bullfrogs
  5 kobold brigands
  3 gnoll sergeants
  17 wights
  20 killer bees
  A howler monkey (D:7)
  A jelly (D:7)
  A gnoll bouda (D:7)
  5 orc priests
  2 hounds
  Ijyb (D:3)
  Terence (D:3)
  9 orc wizards
  A sleepcap (D:5)
  3 iguanas
  A hell rat (D:9)
  5 adders
  10 gnolls
  A shadow imp (D:6)
  3 ufetubi
  3 worms
  3 dart slugs
  32 orcs
  5 ball pythons
  7 bats
  7 endoplasms
  4 giant cockroaches
  10 goblins
  5 hobgoblins (D:2)
  9 jackals
  18 kobolds
  2 quokkas
  5 frilled lizards (D:1)
  9 rats
282 creatures vanquished.

Table legend:
 A = Non-vault XP
 B = Vault XP
 C = Vault XP percentage of total XP
 D = Non-vault monster count
 E = Vault monster count
 F = Vault count percentage of total count
                 A         B        C        D         E       F
            +---------+---------+-------+---------+---------+-------
      Total |   20132 |    9376 |  31.8 |     240 |      42 |  14.9
            +---------+---------+-------+---------+---------+-------
        D:1 |      31 |       0 |   0.0 |      22 |       0 |   0.0
        D:2 |      63 |      44 |  41.1 |      18 |      15 |  45.5
        D:3 |      26 |     453 |  94.6 |      13 |       4 |  23.5
        D:4 |     142 |       0 |   0.0 |      14 |       0 |   0.0
        D:5 |     546 |     183 |  25.1 |      14 |       4 |  22.2
        D:6 |    1006 |     175 |  14.8 |      29 |       1 |   3.3
        D:7 |    1134 |       0 |   0.0 |      27 |       0 |   0.0
        D:8 |    1638 |       0 |   0.0 |      20 |       0 |   0.0
        D:9 |    2287 |    3364 |  59.5 |      36 |       7 |  16.3
       D:10 |    1907 |    2232 |  53.9 |      14 |       4 |  22.2
       D:11 |    5612 |       0 |   0.0 |      19 |       0 |   0.0
       D:12 |    1779 |    1635 |  47.9 |       6 |       5 |  45.5
       D:13 |    3961 |    1290 |  24.6 |       8 |       2 |  20.0
            +---------+---------+-------+---------+---------+-------

Illustrated notes

Table legend:
 A = Kills in this place as a percentage of kills in the entire game.
 B = Kills by you in this place as a percentage of kills by you in the entire game.
 C = Kills by friends in this place as a percentage of kills by friends in the entire game.
 D = Other kills in this place as a percentage of other kills in the entire game.
 E = Experience gained in this place as a percentage of experience gained in the entire game.
 F = Experience gained in this place divided by the number of levels of this place that you have seen.
                   A       B       C       D       E      F
               +-------+-------+-------+-------+-------+----------------------
         Total | 100.0 | 100.0 |   N/A |   N/A | 100.0 | 2107.7
       Dungeon | 100.0 | 100.0 |   N/A |   N/A | 100.0 | 2269.8
               +-------+-------+-------+-------+-------+----------------------

Table legend: (Time is in decaauts)
 A = Elapsed time spent in this place.
 B = Non-inter-level travel time spent in this place.
 C = Inter-level travel time spent in this place.
 D = Time resting spent in this place.
 E = Time spent auto-exploring this place.
 F = Levels seen in this place.
 G = Mean time per level.
                   A        B        C        D        E       F      G
               +--------+--------+--------+--------+--------+-----+--------+
         Total |   7610 |   7307 |    303 |     97 |   4953 |  14 |  543.6 |
       Dungeon |   7562 |   7264 |    298 |     97 |   4929 |  13 |  581.7 |
        Temple |     47 |     42 |      5 |      0 |     24 |   1 |   47.0 |
               +--------+--------+--------+--------+--------+-----+--------+

Top non-repeatable levels by time:
    D:10: 823 daAuts
     D:7: 752 daAuts
    D:11: 686 daAuts
     D:5: 643 daAuts
     D:9: 587 daAuts
     D:2: 582 daAuts
    D:12: 582 daAuts
     D:1: 573 daAuts
     D:3: 571 daAuts
     D:4: 547 daAuts
     D:6: 534 daAuts
     D:8: 491 daAuts
    D:13: 185 daAuts
  Temple: 47 daAuts
